PA
ATHLETIC CLUB KC U-21 @ HOGSMEADE CAULDRONS
07/10/2028
 
TOP OF THE 1ST
Athletic Club KC U-21 batting - Pitching for Hogsmeade Cauldrons : LHP Ollie McDaniell
Pitching: LHP Ollie McDaniell
Batting: LHB Takayuki Yoshikawa 0-0: Called Strike
0-1: Ball
1-1: Foul Ball, location: 2F
1-2: Strikes out swinging
Batting: RHB Roberto Romero 0-0: Ball
1-0: Ground out 6-3 (Groundball, 6)
Batting: LHB Wu-shun Chu 0-0: Foul Ball, location: 2F
0-1: Ball
1-1: Ball
2-1: Called Strike
2-2: Fly out, F9 (Flyball, 9LMF)
Top of the 1st over - 0 run(s), 0 hit(s), 0 error(s), 0 left on base; Athletic Club KC 0 - Hogsmeade 0
BOTTOM OF THE 1ST
Hogsmeade Cauldrons batting - Pitching for Athletic Club KC U-21 : RHP Júlio García
Pitching: RHP Júlio García
Batting: RHB Robinson Barquero 0-0: Ball
1-0: Ground out 3-1 (Groundball, 34)
Batting: RHB Javier López 0-0: Foul Ball, location: 2F
0-1: Fly out, F8 (Flyball, 8RM)
Batting: LHB Donatas Montiejunas 0-0: Ball
1-0: Called Strike
1-1: Ground out 6-3 (Groundball, 6)
Bottom of the 1st over - 0 run(s), 0 hit(s), 0 error(s), 0 left on base; Athletic Club KC 0 - Hogsmeade 0
TOP OF THE 2ND
Athletic Club KC U-21 batting - Pitching for Hogsmeade Cauldrons : LHP Ollie McDaniell
Batting: RHB Colin Bottone 0-0: Ground out 2-3 (Groundball, 2L)
Batting: LHB Chi-hun Chong 0-0: Swinging Strike
0-1: Foul Ball, location: 2F
0-2: Strikes out swinging wild pitch, reaches first!
Batting: RHB Tasuku Goto 0-0: Ball
1-0: DOUBLE (Flyball, 89D)
Chi-hun Chong to third
Batting: RHB Troy Whitehurst 0-0: Ball
1-0: Swinging Strike
1-1: Ground out 6-3 (Groundball, 6)
Chi-hun Chong scores
Tasuku Goto to third
Batting: RHB Dewey Nauss 0-0: Ball
1-0: Called Strike
1-1: Called Strike
1-2: Ball
2-2: Fly out, F5 (Popup, 5S)
Top of the 2nd over - 1 run(s), 1 hit(s), 0 error(s), 1 left on base; Athletic Club KC 1 - Hogsmeade 0
BOTTOM OF THE 2ND
Hogsmeade Cauldrons batting - Pitching for Athletic Club KC U-21 : RHP Júlio García
Batting: RHB Cody Skillings 0-0: Called Strike
0-1: Ball
1-1: Foul Ball, location: 2F
1-2: Foul Ball, location: 2F
1-2: Ball
2-2: Strikes out swinging
Batting: LHB Gustavo Valéncia 0-0: Swinging Strike
0-1: Called Strike
0-2: Ball
1-2: Ball
2-2: Ball
3-2: Foul Ball, location: 2F
3-2: Strikes out swinging
Batting: RHB Bob Petiet 0-0: Ball
1-0: Ball
2-0: Fly out, F8 (Flyball, 8RM)
Bottom of the 2nd over - 0 run(s), 0 hit(s), 0 error(s), 0 left on base; Athletic Club KC 1 - Hogsmeade 0
TOP OF THE 3RD
Athletic Club KC U-21 batting - Pitching for Hogsmeade Cauldrons : LHP Ollie McDaniell
Batting: RHB Arturo Annunziato 0-0: Ball
1-0: Ball
2-0: Foul Ball, location: 2F
2-1: Ball
3-1: Ground out 5-3 (Groundball, 56S)
Batting: LHB Takayuki Yoshikawa 0-0: Ball
1-0: Bunt missed!
1-1: Swinging Strike
1-2: Foul Ball, location: 2F
1-2: Ball
2-2: Strikes out swinging
Batting: RHB Roberto Romero 0-0: Ball
1-0: Called Strike
1-1: Foul Ball, location: 2F
1-2: Reached on error, E6 (Groundball, 6)
Batting: LHB Wu-shun Chu 0-0: Fly out, F9 (Flyball, 9)
Top of the 3rd over - 0 run(s), 0 hit(s), 1 error(s), 1 left on base; Athletic Club KC 1 - Hogsmeade 0
BOTTOM OF THE 3RD
Hogsmeade Cauldrons batting - Pitching for Athletic Club KC U-21 : RHP Júlio García
Batting: SHB Matt Hooper 0-0: Ball
1-0: Ball
2-0: Ball
3-0: Base on Balls
Batting: RHB Mariano Saelices 0-0: Called Strike
Matt Hooper is caught stealing 2nd base
0-1: Ground out 6-3 (Groundball, 6)
Batting: RHB César Ramos 0-0: Ground out 6-3 (Groundball, 6)
Bottom of the 3rd over - 0 run(s), 0 hit(s), 0 error(s), 0 left on base; Athletic Club KC 1 - Hogsmeade 0
TOP OF THE 4TH
Athletic Club KC U-21 batting - Pitching for Hogsmeade Cauldrons : LHP Ollie McDaniell
Batting: RHB Colin Bottone 0-0: Foul Ball, location: 2F
0-1: Ball
1-1: Ball
2-1: Called Strike
2-2: Foul Ball, location: 2F
2-2: Foul Ball, location: 2F
2-2: Strikes out swinging
Batting: LHB Chi-hun Chong 0-0: Ground out 6-3 (Groundball, 6)
Batting: RHB Tasuku Goto 0-0: Ball
1-0: Called Strike
1-1: Ground out 5-3 (Groundball, 56)
Top of the 4th over - 0 run(s), 0 hit(s), 0 error(s), 0 left on base; Athletic Club KC 1 - Hogsmeade 0
BOTTOM OF THE 4TH
Hogsmeade Cauldrons batting - Pitching for Athletic Club KC U-21 : RHP Júlio García
Batting: RHB Robinson Barquero 0-0: Ball
1-0: Ball
2-0: Foul Ball, location: 2F
2-1: Ball
3-1: Bunted foul
3-2: Fly out, F9 (Flyball, 9LMF)
Batting: RHB Javier López 0-0: Fly out, F9 (Flyball, 9S)
Batting: LHB Donatas Montiejunas 0-0: Ball
1-0: Foul Ball, location: 2F
1-1: Swinging Strike
1-2: Ball
2-2: Ground out 6-3 (Groundball, 6)
Bottom of the 4th over - 0 run(s), 0 hit(s), 0 error(s), 0 left on base; Athletic Club KC 1 - Hogsmeade 0
TOP OF THE 5TH
Athletic Club KC U-21 batting - Pitching for Hogsmeade Cauldrons : LHP Ollie McDaniell
Batting: RHB Troy Whitehurst 0-0: Ball
1-0: Ball
2-0: Called Strike
2-1: Ball
3-1: Foul Ball, location: 2F
3-2: Strikes out swinging
Batting: RHB Dewey Nauss 0-0: Called Strike
0-1: Ball
1-1: Ball
2-1: Foul Ball, location: 2F
2-2: Foul Ball, location: 2F
2-2: Ball
3-2: Strikes out swinging
Batting: RHB Arturo Annunziato 0-0: Ball
1-0: Foul Ball, location: 2F
1-1: Ball
2-1: Foul Ball, location: 2F
2-2: Ball
3-2: Ground out 6-3 (Groundball, 6S)
Top of the 5th over - 0 run(s), 0 hit(s), 0 error(s), 0 left on base; Athletic Club KC 1 - Hogsmeade 0
BOTTOM OF THE 5TH
Hogsmeade Cauldrons batting - Pitching for Athletic Club KC U-21 : RHP Júlio García
Batting: RHB Cody Skillings 0-0: Called Strike
0-1: Called Strike
0-2: Strikes out swinging
Batting: LHB Gustavo Valéncia 0-0: Swinging Strike
0-1: Ground out 5-3 (Groundball, 5S)
Batting: RHB Bob Petiet 0-0: Ball
1-0: Swinging Strike
1-1: Foul Ball, location: 2F
1-2: SINGLE (Line Drive, 6M)
Batting: SHB Matt Hooper 0-0: Foul Ball, location: 2F
0-1: SINGLE (Groundball, 34D)
Bob Petiet to second
Runner from 2nd tries for 3rd, SAFE, throw made to third
Batting: RHB Mariano Saelices 0-0: Ball
1-0: Called Strike
1-1: Ball
2-1: Foul Ball, location: 2F
2-2: Strikes out swinging
Bottom of the 5th over - 0 run(s), 2 hit(s), 0 error(s), 2 left on base; Athletic Club KC 1 - Hogsmeade 0
TOP OF THE 6TH
Athletic Club KC U-21 batting - Pitching for Hogsmeade Cauldrons : LHP Ollie McDaniell
Batting: LHB Takayuki Yoshikawa 0-0: Ball
1-0: Swinging Strike
1-1: Ball
2-1: SINGLE (Line Drive, 56)
Batting: RHB Roberto Romero 0-0: Sac Bunt - play at first, batter OUT! 1-4
Takayuki Yoshikawa to second
Batting: LHB Wu-shun Chu 0-0: Ball
1-0: Ball
2-0: Foul Ball, location: 2F
2-1: Fly out, F9 (Flyball, 9)
Batting: RHB Colin Bottone 0-0: Ground out 6-3 (Groundball, 6)
Top of the 6th over - 0 run(s), 1 hit(s), 0 error(s), 1 left on base; Athletic Club KC 1 - Hogsmeade 0
BOTTOM OF THE 6TH
Hogsmeade Cauldrons batting - Pitching for Athletic Club KC U-21 : RHP Júlio García
Batting: RHB César Ramos 0-0: Ground out 4-3 (Groundball, 4S)
Batting: RHB Robinson Barquero 0-0: Ball
1-0: Ball
2-0: Fly out, F4 (Popup, 4)
Batting: RHB Javier López 0-0: Ball
1-0: Ball
2-0: Called Strike
2-1: SINGLE (Groundball, 6MD)
Batting: LHB Donatas Montiejunas 0-0: Called Strike
0-1: Called Strike
Javier López steals 2nd base
0-2: Foul Ball, location: 2F
0-2: Ball
1-2: Ball
2-2: Ground out 5-3 (Groundball, 5)
Bottom of the 6th over - 0 run(s), 1 hit(s), 0 error(s), 1 left on base; Athletic Club KC 1 - Hogsmeade 0
TOP OF THE 7TH
Athletic Club KC U-21 batting - Pitching for Hogsmeade Cauldrons : LHP Ollie McDaniell
Batting: LHB Chi-hun Chong 0-0: Ball
1-0: SINGLE (Line Drive, 8LS)
Batting: RHB Tasuku Goto 0-0: Sac Bunt - play at first, batter OUT! U3
Chi-hun Chong to second
Batting: RHB Troy Whitehurst 0-0: Ball
Chi-hun Chong steals 3rd base
1-0: Swinging Strike
1-1: Ball
2-1: Swinging Strike
2-2: Strikes out swinging
Batting: RHB Dewey Nauss 0-0: Ball
1-0: Reached on error, E6 (Groundball, 56)
Chi-hun Chong scores
Batting: RHB Arturo Annunziato 0-0: Ball
1-0: SINGLE (Line Drive, 4D)
Dewey Nauss to third
Runner from 3rd tries for Home, throw and OUT!
Top of the 7th over - 1 run(s), 2 hit(s), 1 error(s), 1 left on base; Athletic Club KC 2 - Hogsmeade 0
BOTTOM OF THE 7TH
Hogsmeade Cauldrons batting - Pitching for Athletic Club KC U-21 : RHP Júlio García
Batting: RHB Cody Skillings 0-0: Ball
1-0: Swinging Strike
1-1: Ball
2-1: Called Strike
2-2: Strikes out swinging, 2-3 out at first.
Batting: LHB Gustavo Valéncia 0-0: Called Strike
0-1: Called Strike
0-2: Ball
1-2: Strikes out looking
Batting: RHB Bob Petiet 0-0: Called Strike
0-1: Foul Ball, location: 2F
0-2: Fly out, F8 (Flyball, 8LM)
Bottom of the 7th over - 0 run(s), 0 hit(s), 0 error(s), 0 left on base; Athletic Club KC 2 - Hogsmeade 0
TOP OF THE 8TH
Athletic Club KC U-21 batting - Pitching for Hogsmeade Cauldrons : LHP Ollie McDaniell
Batting: LHB Takayuki Yoshikawa 0-0: Ball
1-0: Ball
2-0: Fly out, F8 (Flyball, 8LD)
Batting: RHB Roberto Romero 0-0: Ball
1-0: Ball
2-0: Fly out, F9 (Flyball, 9)
Batting: LHB Wu-shun Chu 0-0: SINGLE (Groundball, 34D)
Batting: RHB Colin Bottone 0-0: Ball
Wu-shun Chu is caught stealing 2nd base
Top of the 8th over - 0 run(s), 1 hit(s), 0 error(s), 0 left on base; Athletic Club KC 2 - Hogsmeade 0
BOTTOM OF THE 8TH
Hogsmeade Cauldrons batting - Pitching for Athletic Club KC U-21 : RHP Júlio García
Batting: SHB Matt Hooper 0-0: Ball
1-0: Ground out 4-3 (Groundball, 4)
Batting: RHB Mariano Saelices 0-0: Called Strike
0-1: Fly out, F9 (Flyball, 9S)
Batting: RHB César Ramos 0-0: Ball
1-0: Ball
2-0: Fly out, F7 (Flyball, 7S)
Bottom of the 8th over - 0 run(s), 0 hit(s), 0 error(s), 0 left on base; Athletic Club KC 2 - Hogsmeade 0
TOP OF THE 9TH
Athletic Club KC U-21 batting - Pitching for Hogsmeade Cauldrons : LHP Ollie McDaniell
Batting: RHB Colin Bottone 0-0: Ball
1-0: Foul Ball, location: 2F
1-1: Swinging Strike
1-2: Foul Ball, location: 2F
1-2: Strikes out swinging
Batting: LHB Chi-hun Chong 0-0: Ball
1-0: Called Strike
1-1: Called Strike
1-2: Ball
2-2: Strikes out looking
Batting: RHB Tasuku Goto 0-0: Ball
1-0: Swinging Strike
1-1: SINGLE (Groundball, 56D)
Batting: RHB Troy Whitehurst 0-0: Ball
Tasuku Goto is caught stealing 2nd base
Top of the 9th over - 0 run(s), 1 hit(s), 0 error(s), 0 left on base; Athletic Club KC 2 - Hogsmeade 0
BOTTOM OF THE 9TH
Hogsmeade Cauldrons batting - Pitching for Athletic Club KC U-21 : RHP Júlio García
Batting: RHB Robinson Barquero 0-0: Ball
1-0: Swinging Strike
1-1: Called Strike
1-2: Ground out 1-3 (Groundball, 15S)
Batting: RHB Javier López 0-0: Called Strike
0-1: Ball
1-1: Ball
2-1: Ground out 5-3 (Groundball, 5)
Batting: LHB Donatas Montiejunas 0-0: Ball
1-0: Foul Ball, location: 2F
1-1: Fly out, F8 (Flyball, 8RM)
Bottom of the 9th over - 0 run(s), 0 hit(s), 0 error(s), 0 left on base; Athletic Club KC 2 - Hogsmeade 0
Monday, August 14th, 2017 - OOTP Baseball 17.12 Build 75